 Dungeon Crawl Stone Soup version 0.24.0-125-gc4c63601f3 (webtiles) character file.

Game seed: 12238023327119528858, levelgen mode: deterministic

946 MisterOstroum the Skirmisher (level 7, -16/56 HPs)
             Began as a Vampire Wanderer on Mar 11, 2020.
             Demolished by Duvessa
             ... wielding a +0 rapier
              (19 damage)
             ... on level 5 of the Dungeon.
             The game lasted 00:14:45 (4759 turns).

MisterOstroum the Skirmisher (Vampire Wanderer)     Turns: 4759, Time: 00:14:45

Health: -16/56     AC:  3    Str: 12      XL:     7   Next: 89%
Magic:  7/7        EV: 12    Int: 16      God:
Gold:   105        SH:  0    Dex: 11 (13) Spells: 1/6 levels left

rFire    . . .     SeeInvis +   a - +2 whip (elec)
rCold    . . .     Gourm    .   (no shield)
rNeg     . . .     Faith    .   i - +0 leather armour
rPois    .         Spirit   .   (no helmet)
rElec    .         Reflect  .   (no cloak)
rCorr    .         Harm     .   (no gloves)
MR       .....                  (no boots)
Stlth    +.........             (no amulet)
HPRegen  0.38/turn              (no ring)
MPRegen  0.10/turn              (no ring)

@: about to teleport, regenerating quickly, glowing
A: no food, fangs 3, see invisible, unbreathing
a: Exsanguinate


You were on level 5 of the Dungeon.
You were alive.

You visited 1 branch of the dungeon, and saw 5 of its levels.
You also visited: Ossuary.

You collected 105 gold pieces.

Inventory:

Hand Weapons
 a - a +2 whip of electrocution (weapon)
 b - a +0 hunting sling
 r - a +2 dagger
Missiles
 h - 195 stones
 q - 5 boomerangs (quivered)
 v - 7 arrows
 y - 24 bolts
Armour
 f - a +2 chain mail of magic resistance
 i - a +0 leather armour (worn)
Wands
 t - a wand of digging (5)
 u - a wand of iceblast (4)
Scrolls
 c - 4 scrolls of teleportation {@r3 !r}
 g - a scroll of noise {unknown}
 j - 3 scrolls of remove curse {@r2}
 k - 2 scrolls of amnesia {unknown}
 m - 3 scrolls of blinking {@r4}
 o - 3 scrolls of immolation {unknown}
 p - 2 scrolls of fear {unknown}
 w - a scroll of vulnerability {unknown}
Potions
 d - 8 potions of lignification {@q6}
 l - 6 potions of curing {@q1 !q}
 n - 2 potions of brilliance
 s - 4 potions of heal wounds {@q2 !q}
 z - a potion of agility {unknown}
 A - a potion of haste {unknown}


   Skills:
 * Level 5.4 Fighting
 - Level 4.8(4.9) Short Blades
   Level 1.0(2.9) Long Blades
 * Level 2.7 Maces & Flails
 + Level 3.0 Slings
 + Level 0.9 Armour
 + Level 2.7 Dodging
 - Level 5.0 Stealth
 - Level 1.0 Evocations


You had one spell level left.
You knew the following spells:

 Your Spells              Type           Power        Failure   Level  Hunger
a - Irradiate             Conj/Tmut      #.........   100%        5    N/A

Your spell library contained the following spells:

 Spells                   Type           Power        Failure   Level  Hunger
 Sublimation of Blood     Necr           #.........   43%         2    N/A
 Ignite Poison            Fire/Tmut/Pois #.......     67%         3    N/A
 Petrify                  Tmut/Erth      #.......     97%         4    N/A
 Alistair's Intoxication  Tmut/Pois      #.......     100%        5    N/A

Dungeon Overview and Level Annotations

Branches:
Dungeon (5/15)            Ossuary (visited)
 Temple: D:4-7

Altars:

Annotations:
D:3 Sigmund
D:4 2 transporters, zzzzzzzz's ghost, amateur DrFE
D:5 Dowan; Duvessa; Pikel


Innate Abilities, Weirdness & Mutations

You do not eat.
Your natural rate of healing is unusually fast.
You have razor-sharp teeth.
You have supernaturally acute eyesight. (SInv)
You can survive without breathing.


Message History

Pikel is too close now for your liking.
There is an open door here.
There are monsters nearby!
Press: ? - help, v - describe, . - travel, g - get item
Here: Pikel, wielding a +2 whip of freezing and wearing a +0 robe (hasn't noticed you)
A stone.
The floor.
Unknown command.
Evoke which item? (* to show all) (? for menu, Esc to quit)
Okay, then.
Unknown command.
Throwing (i - inventory. (/) - cycle)
q - 5 boomerangs (quivered)
Press: ? - help, Shift-Dir - straight line, f - Pikel
Aim: Pikel, wielding a +2 whip of freezing and wearing a +0 robe (hasn't noticed you)
You throw a boomerang. The boomerang closely misses Pikel.
The slave shouts!
You hear a shout!
A slave comes into view.
You hear a shout!
Throwing (i - inventory. (/) - cycle)
q - 5 boomerangs (quivered)
Press: ? - help, Shift-Dir - straight line, f/p - Pikel
Aim: Pikel, wielding a +2 whip of freezing and wearing a +0 robe You throw a boomerang.
The boomerang closely misses Pikel.
The slave shouts!
Press: ? - help, v - describe, . - travel, g - get item
Here: Pikel, wielding a +2 whip of freezing and wearing a +0 robe A stone.
The floor.
Unknown command.
Throwing (i - inventory. (/) - cycle)
q - 5 boomerangs (quivered)
Press: ? - help, Shift-Dir - straight line, f/p - Pikel
Aim: Pikel, wielding a +2 whip of freezing and wearing a +0 robe You throw a boomerang.
The boomerang closely misses Pikel.
Pikel cracks his whip.
Pikel hits you with a +2 whip of freezing.
Pikel freezes you. Pikel barely misses you.
Unknown command.
Unknown command.
You hit Pikel. You bite Pikel, but do no damage.
Pikel is lightly wounded.
Pikel hits you with a +2 whip of freezing!
Pikel freezes you.
You hit Pikel. Lightning courses through Pikel!
Pikel is moderately wounded.
Pikel hits you with a +2 whip of freezing!
Pikel freezes you.
You are too injured to fight recklessly!
You are too injured to fight recklessly!
You are too injured to fight recklessly!
You hit Pikel but do no damage.
Pikel is moderately wounded.
A slave comes into view.
You hit Pikel but do no damage. Lightning courses through Pikel!!
Pikel is severely wounded.
Pikel hits you with a +2 whip of freezing.
Pikel freezes you.
Pikel says, "You'll feel the lick of my whip!"
Pikel hits you but does no damage.
Dowan, Brother of Duvessa comes into view.
He is wielding a +0 dagger.
Dowan shouts!
You hit Pikel.
Pikel is severely wounded.
Dowan points at you and mumbles some strange words.
You are outlined in light.
Pikel misses you.
Unknown command.
Unknown command.
Found a flail.
Duvessa shouts!
Dowan points at Duvessa and mumbles some strange words.
Duvessa seems to speed up.
Found a scroll of identify.
Unknown command.
Unknown command.
A quokka comes into view.
Unknown command.
Unknown command.
A hound comes into view.
The hound barks!
You hit Pikel.
Pikel is severely wounded.
Pikel hits you with a +2 whip of freezing!
Pikel freezes you.
* * * LOW HITPOINT WARNING * * *
Really read
c - 5 scrolls of teleportation {@r3 !r}?
As you read the scroll of teleportation {@r3 !r}, it crumbles to dust.
You feel strangely unstable.
Pikel hits you with a +2 whip of freezing!
* * * LOW HITPOINT WARNING * * *
Pikel freezes you.
* * * LOW HITPOINT WARNING * * *
Okay, then.
Unknown command.
Unknown command.
Unknown command.
Duvessa drinks a potion.
Duvessa seems to grow stronger.
The hound misses you. The hound closely misses you. The hound bites you.
* * * LOW HITPOINT WARNING * * *
Duvessa hits you with a +0 rapier!!
You die...

O.# #.# # ####..# .# #.##.#
##.....# #.##.# ##..#.#.#
#....# ##..##.#.# #....#
##..###...# ##.#..##
####..##.#...#
#..##..#####e...##..#..((
###.###..##h.pK#.##[..'..##
###...#.....@e####.p##..#p###
###.......#..#### #..e.##.#p#
# #...#.#####....#
#.##.p###p# # ###.###.#
#.##..##.r #e..##.# #
........# ... #.##.# #.#.p#.#
# .#...#### .... ....
#.#?...# ...### #.....
.........#### .### #.%...
....)....## [# ......


You could see Pikel, Duvessa, a slave, Dowan and a hound.

Vanquished Creatures
  An ogre (D:4)
  A centaur (D:5)
  2 water moccasin zombies (Ossuary)
  A quasit (D:5)
  A hound (D:5)
  A jelly (D:5)
  Ijyb (D:5)
  Terence (D:3)
  Natasha (thrice) (D:2)
  3 orc wizards (D:3)
  3 worker ants (D:4)
  5 big kobold zombies (Ossuary)
  A hound skeleton (D:4)
  3 mummies
  3 adders
  4 gnolls (D:4)
  2 oozes
  An adder skeleton (D:4)
  An adder zombie (Ossuary)
  A worm (D:2)
  2 dart slugs
  3 leopard geckos
  8 orcs
  8 bats
  5 giant cockroaches
  5 gnoll zombies (Ossuary)
  9 goblins
  6 hobgoblins
  3 ball pythons
  4 frilled lizards
  6 hobgoblin zombies (Ossuary)
  5 kobolds
  3 kobold zombies (Ossuary)
  4 orc zombies (Ossuary)
  A quokka skeleton (D:4)
  7 rats
118 creatures vanquished.

Notes
Turn   | Place    | Note
-------+----------+-------------------------------------------
     0 | D:1      | MisterOstroum the Vampire Wanderer began the quest for the
                  | Orb.
     0 | D:1      | MisterOstroum set off with the following items: a +2
                  | dagger, a scroll of blinking {@r4}, a scroll of
                  | teleportation {@r3 !r}, a potion of lignification {@q6}, a
                  | +0 robe
     0 | D:1      | Reached XP level 1. HP: 18/18 MP: 1/1
    38 | D:1      | Reached skill level 1 in Short Blades
   117 | D:1      | Reached XP level 2. HP: 23/25 MP: 2/2
   597 | D:1      | Reached XP level 3. HP: 30/30 MP: 3/3
  1456 | D:2      | Reached XP level 4. HP: 34/37 MP: 4/4
  1652 | D:3      | Noticed Sigmund
  1779 | D:3      | Noticed Terence
  1823 | D:3      | Killed Terence
  1857 | D:3      | Reached XP level 5. HP: 14/43 MP: 5/5
  2129 | D:3      | Noticed Natasha
  2148 | D:2      | Killed Natasha
  2275 | D:2      | Noticed Natasha
  2286 | D:2      | Killed Natasha
  2286 | D:2      | Reached skill level 5 in Stealth
  2401 | D:2      | Noticed Natasha
  2410 | D:2      | Killed Natasha
  2410 | D:2      | Reached XP level 6. HP: 42/49 MP: 6/6
  2427 | D:2      | Learned a level 5 spell: Irradiate
  2814 | D:4      | Found a transporter.
  2900 | D:4      | Found a transporter.
  2900 | D:4      | Noticed zzzzzzzz's ghost (amateur DrFE)
  3120 | D:4      | Reached skill level 1 in Slings
  3635 | D:4      | Reached skill level 5 in Fighting
  3963 | D:5      | Entered Level 5 of the Dungeon
  3967 | D:5      | Noticed a sky beast
  3979 | D:5      | Reached XP level 7. HP: 56/56 MP: 7/7
  3982 | D:5      | Noticed Pikel
  4077 | D:5      | Noticed Ijyb
  4087 | D:5      | Killed Ijyb
  4095 | D:5      | Reached skill level 1 in Maces & Flails
  4137 | D:5      | Noticed Duvessa
  4166 | D:5      | Found a sand-covered staircase.
  4248 | Ossuary  | Entered an ossuary
  4743 | D:5      | Noticed Dowan
  4759 | D:5      | Demolished by Duvessa

Levels and vault maps discovered:
D:1:      erik_arrival_blinker_ship, layout_basic, st_stairs_3
D:2:      layout_loops_ring, minmay_quantized
D:3:      layout_rooms, eino_tiny_chamber, uniq_terence, uniq_natasha,
          uniq_sigmund
D:4:      layout_basic, gammafunk_ghost_mausoleum
D:5:      layout_rooms, gup_ossuary_entry_pyramid, first_ration,
          grunt_ministairs_14, uniq_ijyb, uniq_pikel, uniq_duvessa

Skill      XL: |  1  2  3  4  5  6  7 |
---------------+----------------------+-----
Short Blades   | 1 2 3 4 |  4.8
Fighting       | 4 5 |  5.4
Stealth        | 4 5 |  5.0
Slings         | 2 3 |  3.0
Maces & Flails | 2 |  2.7
Long Blades    | |  1.0
Armour         | |  0.9
Dodging        | |  2.7
Evocations     | |  1.0

Action                   |  1- 3 |  4- 6 |  7- 9 || total
-------------------------+-------+-------+-------++-------
Melee: Dagger            |   143 |   168 |       ||   311
       Bite              |    10 |    21 |    17 ||    48
       Whip              |       |     7 |   166 ||   173
 Fire: Hunting sling     |    11 |    78 |     2 ||    91
Throw: Stone             |       |     1 |       ||     1
       Boomerang         |       |       |     3 ||     3
  Use: Scroll            |       |     3 |     3 ||     6
 Stab: Sleeping          |    10 |     1 |     2 ||    13
Armor: Robe              |    12 |       |       ||    12
       Leather armour    |    24 |    16 |    36 ||    76
       Chain mail        |       |       |     4 ||     4
Dodge: Dodged            |   106 |    77 |   101 ||   284
